 Dungeon Crawl Stone Soup version 0.29-a0-330-g52719c12eb (webtiles) character file.

Game seed: 12398508084073773974

209 Crownlay the Digger (level 5, -8/28 HPs)
             Began as a Gargoyle Earth Elementalist on May 24, 2022.
             Was a Priest of Vehumet.
             Killed by divine providence
             ... invoked by an orc priest
              (14 damage)
             ... on level 4 of the Dungeon.
             The game lasted 00:07:06 (3361 turns).

Crownlay the Digger (Gargoyle Earth Elementalist)   Turns: 3361, Time: 00:07:06

Health: -8/28      AC:  9    Str: 11    XL:     5   Next: 87%
Magic:  17/19      EV: 11    Int: 18    God:    Vehumet [***...]
Gold:   158        SH:  0    Dex: 10    Spells: 4/11 levels left

rFire   . . .      SeeInvis +   j - +4 dagger (elec)
rCold   . . .      Faith    .   (no shield)
rNeg    + . .      Spirit   .   b - +0 robe
rPois   ∞          Reflect  .   (no helmet)
rElec   +          Harm     .   d - +0 cloak
rCorr   .          Rampage  .   m - +0 pair of gloves
Will    .....                   k - +0 pair of boots
Stlth   ++........              (no amulet)
HPRegen 0.09/turn               q - ring of magical power
MPRegen 0.16/turn               i - ring of see invisible

@: no status effects
A: sickness immunity, AC +4, negative energy resistance 1, electricity
resistance, torment resistance 1, petrification resistance
a: Renounce Religion


You were on level 4 of the Dungeon.
You worshipped Vehumet.
Vehumet was most pleased with you.
You visited 1 branch of the dungeon, and saw 4 of its levels.

You collected 158 gold pieces.

Inventory:

Hand Weapons
 j - a +4 dagger of electrocution (weapon)
Missiles
 a - 114 stones
Armour
 b - a +0 robe (worn)
 d - a +0 cloak (worn)
 k - a +0 pair of boots (worn)
 m - a +0 pair of gloves (worn)
Jewellery
 i - a ring of see invisible (right hand)
 n - a ring of resist corrosion
 q - a ring of magical power (left hand)
Scrolls
 e - a scroll of silence {unknown}
 g - a scroll of amnesia
 o - a scroll of teleportation
Potions
 c - a potion of magic
 f - a potion of cancellation {unknown}
 h - 3 potions of curing {unknown}
 l - a potion of flight {unknown}
 p - a potion of brilliance {unknown}


   Skills:
 - Level 1.5 Dodging
 - Level 2.1 Stealth
 * Level 3.6 Spellcasting
 - Level 0.7 Transmutations
 * Level 6.4 Earth Magic


You had 4 spell levels left.
You knew the following spells:

 Your Spells              Type           Power      Damage    Failure   Level
a - Sandblast             Erth           52%        2d12      1%          1
b - Stone Arrow           Conj/Erth      28%        3d8       3%          3
c - Mephitic Cloud        Conj/Pois/Air  3%         N/A       13%         3

Your spell library contained the following spells:

 Spells                   Type           Power      Damage    Failure   Level
 Frozen Ramparts          Ice            6%         1d2       13%         3
 Magic Dart               Conj           12%        1d3       4%          1
 Passwall                 Tmut/Erth      13%        N/A       5%          2
 Call Imp                 Summ           3%         N/A       24%         2
 Petrify                  Tmut/Erth      16%        N/A       34%         4
 Summon Ice Beast         Ice/Summ       3%         N/A       83%         4
 Summon Mana Viper        Hex/Summ       3%         N/A       99%         5
 Monstrous Menagerie      Summ           1%         N/A       100%        7


Dungeon Overview and Level Annotations

Branches:
Dungeon (4/15)
 Temple: D:4-7

Altars:
Elyvilon
Fedhas
Vehumet

Annotations:
D:4 Blork the orc, Dowan, Duvessa, Grinder


Innate Abilities, Weirdness & Mutations

You are immune to sickness and miasma.
Your stone body is resilient. (AC +4)
You are immune to poison.
You resist negative energy. (rN+)
You are resistant to electric shocks. (rElec)
You are resistant to unholy torment.
You are immune to petrification.


Message History

Blork the orc barely misses you.
Dowan, Brother of Duvessa comes into view.
He is wielding a +0 dagger.
Duvessa, Sister of Dowan comes into view.
She is wielding a +1 rapier of venom.
Duvessa shouts!
You hit Blork the orc.
Blork the orc is lightly wounded.
Blork the orc hits you with a +0 mace of holy wrath!
Blork the orc closely misses you.
The orc priest miscasts a cantrip.
Dowan casts a spell.
Dowan blinks!
An orc comes into view. It is wielding a +0 falchion.
Blork the orc attacks as you move away! Blork the orc barely misses you.
Blork the orc hits you but does no damage.
Casting: Sandblast (safe; 1% risk of failure)
Confirm with . or Enter, or press ? or * to list all spells.
Aiming: Sandblast (safe; 1% risk of failure)
Press: ? - help, Shift-Dir - straight line, f - Blork the orc
Aim: Blork the orc, wielding a +0 mace of holy wrath and wearing a +1 robe of resistance (lightly wounded, fast, 83% to hit)
The blast of sand hits Blork the orc!
Blork the orc is heavily wounded.
The orc shouts!
You hear an angry hiss.
Blork the orc hits you with a +0 mace of holy wrath!
The orc priest calls upon Beogh to heal Blork the orc.
Blork the orc is healed somewhat.
Dowan casts a spell at something.
Casting: Sandblast (safe; 1% risk of failure)
Confirm with . or Enter, or press ? or * to list all spells.
Aiming: Sandblast (safe; 1% risk of failure)
Press: ? - help, Shift-Dir - straight line, f/p - Blork the orc
Aim: Blork the orc, wielding a +0 mace of holy wrath and wearing a +1 robe of resistance (moderately wounded, fast, 83% to hit)
The blast of sand hits Blork the orc!
Blork the orc is severely wounded.
Blork the orc hits you but does no damage.
An iguana comes into view.
Blork the orc hits you with a +0 mace of holy wrath.
* * * LOW HITPOINT WARNING * * *
The orc priest calls down the wrath of Beogh upon you.
Beogh smites you!
Ouch! That really hurt!
You die...

#...... #......
..e.... .....!.
#...... #.lo...
#.....o#####.#
...e...oo@...#
.......#####.....
...?... .##
..##### #


You could see Blork the orc (fast), Dowan, an iguana, an orc priest and 2 orcs.

Vanquished Creatures
  Jessica (D:3)
  Natasha (D:3)
  7 adders
  A white imp (D:3)
  A worm (D:3)
  4 dart slugs
  An orc (D:3)
  8 ball pythons
  3 endoplasms
  A giant cockroach (D:3)
  9 goblins
  6 hobgoblins
  6 jackals (D:1)
  3 quokkas
  7 bats
  6 frilled lizards
  3 kobolds
  9 rats
77 creatures vanquished.

Notes
Turn   | Place    | Note
-------+----------+-------------------------------------------
     0 | D:1      | Crownlay the Gargoyle Earth Elementalist began the quest
                  | for the Orb.
     0 | D:1      | Reached XP level 1. HP: 10/10 MP: 3/3
    53 | D:1      | Found a faded altar of an unknown god.
    78 | D:1      | Prayed at the altar of an unknown god.
    78 | D:1      | Became a worshipper of Vehumet
    78 | D:1      | Reached * piety under Vehumet
    78 | D:1      | Offered knowledge of Magic Dart by Vehumet.
   129 | D:1      | Reached skill level 4 in Earth Magic
   416 | D:1      | Reached XP level 2. HP: 15/15 MP: 5/5
   827 | D:1      | Reached ** piety under Vehumet
   875 | D:1      | Offered knowledge of Shock by Vehumet.
   876 | D:1      | Reached XP level 3. HP: 18/19 MP: 6/6
   937 | D:1      | Reached skill level 5 in Earth Magic
  1564 | D:2      | Reached XP level 4. HP: 23/24 MP: 5/7
  2016 | D:2      | Learned a level 3 spell: Stone Arrow
  2020 | D:2      | Learned a level 3 spell: Mephitic Cloud
  2390 | D:3      | Noticed Jessica
  2400 | D:3      | Killed Jessica
  2401 | D:3      | Reached XP level 5. HP: 28/28 MP: 9/9
  2534 | D:3      | Noticed Natasha
  2538 | D:3      | Killed Natasha
  2539 | D:3      | Reached skill level 6 in Earth Magic
  2645 | D:3      | Found a white marble altar of Elyvilon.
  2770 | D:3      | Found a blossoming altar of Fedhas.
  2859 | D:3      | Offered knowledge of Frozen Ramparts by Vehumet.
  2958 | D:3      | Reached *** piety under Vehumet
  3348 | D:4      | Noticed Grinder
  3351 | D:4      | Noticed Blork the orc
  3356 | D:4      | Noticed Dowan
  3356 | D:4      | Noticed Duvessa
  3361 | D:4      | Killed from afar by an orc priest

Illustrated notes

Levels and vault maps discovered:
D:1:      dpeg_arrival_rooms_a, layout_loops_ring,
          shapermc_ecumenical_altar_mp_highgroup, grunt_decor_one_mirror
D:2:      layout_basic
D:3:      minmay_bubble_buster, layout_loops_ring, elyvilon_altar_1,
          fedhas_altar_1, uniq_jessica, uniq_natasha
D:4:      layout_loops_ring, uniq_duvessa, uniq_grinder, uniq_blork_the_orc

Skill      XL: |  1  2  3  4  5 |
---------------+----------------+-----
Earth Magic    | 4 5 6 |  6.4
Spellcasting   | 3 |  3.6
Dodging        | |  1.5
Stealth        | |  2.1
Transmutations | |  0.7

Action                   |  1- 3 |  4- 6 || total
-------------------------+-------+-------++-------
Melee: Dagger            |    49 |   111 ||   160
       Unarmed           |     1 |       ||     1
 Cast: Sandblast         |    34 |    18 ||    52
  Use: Scroll            |       |     3 ||     3
 Stab: Sleeping          |     3 |     6 ||     9
       Distracted        |     1 |       ||     1
Armor: Robe              |    25 |    47 ||    72
Dodge: Dodged            |    56 |    62 ||   118

Table legend: (Time is in decaauts)
 A = Elapsed time spent in this place.
 B = Non-inter-level travel time spent in this place.
 C = Inter-level travel time spent in this place.
 D = Time resting spent in this place.
 E = Time spent auto-exploring this place.
 F = Levels seen in this place.
 G = Mean time per level.
                   A        B        C        D        E       F      G
               +--------+--------+--------+--------+--------+-----+--------+
         Total |   3357 |   3238 |    119 |      0 |   2683 |   4 |  839.2 |
       Dungeon |   3357 |   3238 |    119 |      0 |   2683 |   4 |  839.2 |
               +--------+--------+--------+--------+--------+-----+--------+

Top non-repeatable levels by time:
     D:1: 1364 daAuts
     D:3: 1073 daAuts
     D:2: 804 daAuts
     D:4: 114 daAuts
